Map: Eternal Empire LE

Players

KingArthur

  • Race: Zerg Zerg
  • League: Gold
  • Spawn Location: 7:00

LANCE - Winner!

  • Race: Terran Terran
  • League: Gold
  • Spawn Location: 1:00

VOD

Have the link to the VOD?

Description

Time

  • Played on: Sept. 15, 2020, 8:13 p.m.
  • Length: 19:27
Show
View Real Time Build Order
Export as new Build Order

KingArthur Zerg 

Build Orders: Hatch First 

Get SALT Encoding   

  12  0:02  Drone  
  13  0:14  Overlord  
  13  0:17  Drone  
  14  0:33  Drone x2  
  16  0:51  Hatchery  
  16  0:54  Drone  
  16  0:57  Drone  
  16  1:00  Drone  
  16  1:03  Extractor  
  17  1:18  Spawning Pool  
  16  1:21  Drone  
  16  1:24  Drone  
  18  1:30  Drone  
  19  2:05  Metabolic Boost  
  19  2:06  Queen x2  
  19  2:07  Zergling x4  
  26  2:08  Zergling x2  
  26  2:15  Overlord  
  26  2:24  Baneling Nest  
  26  2:26  Zergling x2  
  26  2:32  Zergling x4  
  26  2:35  Zergling x2  
  29  3:03  Overlord  
  29  3:05  Zergling x10  
  34  3:16  Zergling x2  
  34  3:18  Zergling x2  
  36  3:32  Zergling x6  
  36  3:33  Zergling x6  
  42  3:43  Zergling x4  
  44  4:02  Baneling  
  43  4:03  Baneling x5  
  43  4:12  Overlord x2  
  37  4:44  Zergling x18  
  31  4:54  Drone x6  
  37  5:03  Spore Crawler  
  36  5:07  Spore Crawler  
  35  5:15  Spore Crawler  
  35  5:19  Spore Crawler  
  33  5:59  Zergling x8  
  33  6:00  Zergling x4  
  33  6:23  Queen  
  35  6:37  Spore Crawler  
  34  6:48  Spore Crawler  
  31  6:58  Queen  
  28  7:17  Baneling  
  28  7:18  Baneling x11  
  28  7:22  Zergling x6  
  28  7:34  Queen  
  20  7:50  Zergling x4  
  22  8:08  Drone  
  22  8:09  Drone  
  22  8:10  Queen  
  26  8:14  Hatchery  
  23  8:37  Zergling x4  
  25  8:41  Drone  
  26  8:59  Spawning Pool  
  19  9:50  Zergling x18  
  22  10:03  Drone  
  23  10:24  Zergling x8  
  27  10:31  Drone  
  17  11:17  Drone x7  
  20  11:32  Drone  
  21  11:35  Drone  
  21  11:36  Drone x6  
  26  12:00  Overlord  
  26  12:02  Overlord  
  26  12:04  Overlord  
  26  12:06  Overlord  
  26  12:24  Drone x4  
  30  12:51  Hatchery  
  29  13:01  Drone x6  
  35  13:11  Spawning Pool  
  20  13:43  Drone x6  
  26  13:58  Queen  
  26  14:00  Queen  
  30  14:12  Spore Crawler  
  29  14:17  Spore Crawler  
  29  14:19  Zergling x10  
  33  14:27  Drone x2  
  35  14:52  Zergling x18  
  44  15:20  Queen  
  46  15:22  Queen  
  46  15:26  Zergling x4  
  50  15:35  Overlord  
  50  15:55  Queen  
  52  15:57  Spore Crawler  
  51  16:04  Spore Crawler  
  51  16:07  Overlord  
  51  16:09  Overlord  
  50  16:18  Zergling x16  
  31  17:20  Spore Crawler  
  30  17:25  Spore Crawler  
  22  17:56  Queen  
  21  17:59  Queen  
  21  18:03  Zergling x18  
  26  18:19  Zergling x4  
  28  18:34  Queen  
  28  18:38  Spore Crawler  
  26  18:52  Baneling  
Show
View Real Time Build Order
Export as new Build Order

LANCE Terran - Winner!

Build Orders: 1/1/1 

Get SALT Encoding   

  12  0:03  SCV  
  13  0:15  SCV  
  13  0:21  Supply Depot  
  14  0:28  Refinery  
  14  0:30  SCV  
  15  0:44  Engineering Bay  
  15  0:53  Barracks  
  15  1:00  Refinery  
  15  1:01  SCV  
  16  1:13  SCV  
  17  1:28  SCV  
  18  1:40  SCV  
  18  1:41  Factory  
  19  1:50  Reaper  
  19  1:52  SCV  
  21  2:05  Supply Depot  
  21  2:27  Starport  
  21  2:31  Starport  
  21  2:33  Hellion  
  23  2:37  Barracks Reactor  
  23  2:48  Bunker  
  23  2:51  Marine  
  24  3:09  Marine  
  25  3:14  Starport Tech Lab  
  25  3:15  Starport Tech Lab  
  25  3:24  Supply Depot  
  25  3:25  Hi-Sec Auto Tracking  
  25  3:27  Factory Reactor  
  22  3:35  Banshee  
  25  3:42  Banshee  
  28  3:54  Supply Depot  
  28  4:03  Marine  
  28  4:07  Widow Mine  
  33  4:10  Widow Mine  
  33  4:17  SCV  
  33  4:21  Marine  
  35  4:52  Supply Depot  
  35  4:53  Widow Mine  
  35  4:57  Cloaking Field  
  37  5:00  Hyperflight Rotors  
  37  5:10  Widow Mine  
  39  5:21  Supply Depot  
  41  5:43  Hellion x2  
  41  5:47  Supply Depot  
  43  5:50  Orbital Command  
  45  6:04  Hellion  
  45  6:17  Hellion  
  49  6:26  Hellion  
  33  7:53  Raven x2  
  33  7:56  Hellion x2  
  41  8:05  Command Center  
  41  8:16  Sensor Tower  
  41  8:17  Hellion x2  
  45  8:34  Supply Depot  
  45  8:39  Hellion x2  
  49  8:42  Raven x2  
  53  9:00  Hellion x2  
  57  9:02  Neosteel Armor  
  48  10:05  Barracks Reactor  
  44  10:27  Bunker  
  44  10:31  Bunker  
  44  10:37  Planetary Fortress  
  40  11:00  Supply Depot  
  38  11:04  Supply Depot  
  38  11:24  Supply Depot  
  38  11:28  Supply Depot  
  38  11:29  SCV x2  
  40  11:37  Marine x2  
  42  11:41  Terran Infantry Weapons Level 1, SCV x2  
  42  11:44  Raven x2  
  42  11:45  Corvid Reactor  
  48  11:48  Hellion x2  
  48  11:50  Missile Turret  
  48  11:53  SCV x2  
  54  11:55  Marine x2  
  56  12:05  SCV x2  
  58  12:09  Hellion  
  58  12:11  Supply Depot  
  58  12:12  Marine  
  61  12:18  SCV x2  
  63  12:28  Hellion  
  65  12:30  Hellion, SCV  
  68  12:54  Fusion Core  
  62  13:37  Marine x2  
  60  13:42  SCV  
  60  13:44  Supply Depot  
  60  13:45  Refinery, Missile Turret  
  60  13:46  Refinery  
  61  13:49  Supply Depot, SCV  
  61  13:55  Marine x2  
  63  13:56  Bunker  
  63  13:57  SCV  
  63  14:01  SCV  
  66  14:03  Missile Turret  
  66  14:05  Missile Turret  
  66  14:09  SCV  
  67  14:13  Marine x2, SCV  
  67  14:16  Raven x2  
  74  14:19  Widow Mine x2  
  74  14:22  SCV  
  79  14:25  SCV  
  79  14:30  Marine, Missile Turret  
  79  14:31  Marine, Missile Turret  
  82  14:41  Widow Mine x2  
  86  14:48  Marine x2  
  88  15:02  Widow Mine x2  
  88  15:06  Marine x2  
  94  15:23  Widow Mine x2  
  94  15:24  Marine  
  99  15:32  SCV x2  
  101  16:13  Battlecruiser x2  
  111  17:06  Terran Infantry Armor Level 1  
  111  17:17  Raven x2  
Tags
 
Add a new tag
Caveats
  • Supply blocks, unpowered buildings, or Contaminate may cause inaccurate times.
  • Supply counts are checked every 10 seconds.